 Dungeon Crawl Stone Soup version 0.27-a0-887-gcab673c142 (webtiles) character file.

Game seed: 10640875134574633714

175 wakim the Cutter (level 5, -13/33 HPs)
             Began as a Kobold Fighter on Apr 4, 2021.
             Mangled by an ogre
             ... wielding a +0 giant club
              (21 damage)
             ... on level 6 of the Dungeon.
             The game lasted 00:03:58 (2088 turns).

wakim the Cutter (Kobold Fighter)                   Turns: 2088, Time: 00:03:59

Health: -13/33     AC:  6    Str: 14    XL:     5   Next: 86%
Magic:  0/5        EV: 18    Int:  9    God:
Gold:   36         SH:  6    Dex: 19    Spells: 4/4 levels left

rFire    . . .     SeeInvis .   a - +0 rapier
rCold    + . .     Faith    .   c - +0 buckler
rNeg     . . .     Spirit   +   j - +0 ring mail
rPois    .         Reflect  .   (no helmet)
rElec    .         Harm     .   (no cloak)
rCorr    .         Rampage  .   b - +0 pair of gloves
Will     +....                  (no boots)
Stlth    +++.......             k - amulet of guardian spirit
HPRegen  0.11/turn              f - ring "Yneluod" {rC+ Will+ EV+4 Dex+4}
MPRegen  0.09/turn              (no ring)

@: no status effects
A: small, no large weapons, nightstalker 3
a: no special abilities


You were on level 6 of the Dungeon.
You visited 1 branch of the dungeon, and saw 4 of its levels.

You collected 36 gold pieces.

Inventory:

Hand Weapons
 a - a +0 rapier (weapon)
Armour
 b - a +0 pair of gloves (worn)
 c - a +0 buckler (worn)
 j - a +0 ring mail (worn)
Jewellery
 f - the ring "Yneluod" (left hand) {rC+ Will+ EV+4 Dex+4}
   (You acquired it on level 1 of the Dungeon)

   [ring of evasion]

   It affects your evasion (+4).
   It affects your dexterity (+4).
   It protects you from cold.
   It increases your willpower.
 k - an amulet of guardian spirit (around neck)
Scrolls
 r - a scroll of identify
Potions
 d - a potion of lignification {unknown}
 e - a potion of cancellation {unknown}
 g - a potion of flight {unknown}
 i - a potion of haste {unknown}
 l - a potion of brilliance {unknown}
 F - 2 potions of curing
 N - a potion of might


   Skills:
 + Level 3.8 Fighting
 * Level 4.5 Short Blades
 - Level 2.4 Armour
 * Level 3.0 Dodging
 + Level 2.4 Stealth
 + Level 2.9 Shields


You had 4 spell levels left.
You didn't know any spells.
Your spell library was empty.

Dungeon Overview and Level Annotations

Branches:
Dungeon (3/15)

Altars:


Innate Abilities, Weirdness & Mutations

You are small and have problems with some larger weapons.
You are completely attuned to the shadows.


Message History

HP restored.
Found 16 stones.
You start waiting.
You feel your willpower return.
Done waiting.
You see here 16 stones.
You see here 16 stones.
An ogre comes into view. It is wielding a +0 giant club.
The ogre shouts!
Found a pink potion.
A wyvern zombie comes into view.
The wyvern zombie barely misses you.
You hit the wyvern zombie but do no damage.
The wyvern zombie bites you!
You hit the wyvern zombie.
The wyvern zombie is lightly damaged.
The wyvern zombie misses you. The ogre misses you. The wyvern zombie bites you.
You hit the wyvern zombie but do no damage.
The wyvern zombie is lightly damaged.
The wyvern zombie barely misses you. The ogre hits you with a +0 giant club!
* * * LOW HITPOINT WARNING * * *
Unknown command.
You hit the ogre.
The ogre is lightly wounded.
You block the wyvern zombie's attack.
You closely miss the ogre.
The ogre is lightly wounded.
The wyvern zombie bites you but does no damage.
The ogre misses you.
You hit the ogre.
The ogre is moderately wounded.
The wyvern zombie completely misses you.
The ogre barely misses you. The wyvern zombie bites you.
* * * LOW HITPOINT WARNING * * *
You hit the ogre but do no damage.
The ogre is moderately wounded.
You block the wyvern zombie's attack.
The ogre hits you with a +0 giant club!!
Ouch! That really hurt!
You die...

...####....#
#........|#
######....# #....#
#.# #....# #.#
#....# #.# #....#
#Z# ###.#####
#@#### ###.###..
#.O..#####....(..#
####..#....#.#####
###...####.##
#.....## #..#
...###..# ##.# ...
###.## #.## ##
......###..#
.!.........#


You could see an ogre and a wyvern zombie.

Vanquished Creatures
  A necrophage (D:2)
  A hound (D:6)
  A bullfrog skeleton (D:6)
  2 dart slugs (D:1)
  A worm (D:2)
  3 endoplasms
  A giant cockroach (D:1)
  A goblin (D:2)
  2 hobgoblins
  4 jackals (D:1)
  2 quokkas
  4 bats
  2 frilled lizards (D:2)
  A kobold (D:1)
  2 rats (D:2)
28 creatures vanquished.

Notes
Turn   | Place    | Note
-------+----------+-------------------------------------------
     0 | D:1      | wakim the Kobold Fighter began the quest for the Orb.
     0 | D:1      | Reached XP level 1. HP: 14/14 MP: 1/1
   385 | D:1      | Reached skill level 3 in Short Blades
   385 | D:1      | Reached XP level 2. HP: 19/19 MP: 2/2
   435 | D:1      | Reached skill level 1 in Dodging
   589 | D:1      | Identified a scroll of acquirement
   589 | D:1      | Acquired the ring "Yneluod" {rC+ Will+ EV+4 Dex+4}
  1163 | D:1      | Reached XP level 3. HP: 23/23 MP: 3/3
  1563 | D:2      | Reached skill level 1 in Stealth
  1654 | D:2      | Noticed a necrophage
  1664 | D:2      | Killed a necrophage
  1665 | D:2      | Reached skill level 4 in Short Blades
  1665 | D:2      | Reached XP level 4. HP: 23/29 MP: 2/4
  1665 | D:2      | Reached XP level 5. HP: 26/33 MP: 2/5
  1878 | D:2      | You fall into a shaft and drop 1 floor!
  1881 | D:3      | You fall into a shaft and drop 3 floors!
  2068 | D:6      | Noticed an ogre
  2088 | D:6      | Mangled by an ogre

Illustrated notes

Levels and vault maps discovered:
D:1:      roderic_crop_circles_arrival_small, layout_basic,
          serial_bayou_lagoon_a
D:2:      layout_loops_ring
D:3:      layout_basic, lemuel_round_altar, ebering_ecumenical_altar_abandoned
D:6:      layout_rooms, lemuel_round_altar, temple_green, uniq_sigmund,
          uniq_edmund, uniq_crazy_yiuf_cottage

Skill      XL: |  1  2  3  4  5 |
---------------+----------------+-----
Short Blades   | 3 4 |  4.5
Dodging        | 1 2 3 |  3.0
Stealth        | 2 |  2.4
Fighting       | |  3.8
Armour         | |  2.4
Shields        | |  2.9

Action                   |  1- 3 |  4- 6 || total
-------------------------+-------+-------++-------
Melee: Rapier            |    81 |    27 ||   108
  Use: Scroll            |     5 |     2 ||     7
 Stab: Sleeping          |     5 |       ||     5
Armor: Scale mail        |    28 |       ||    28
       Ring mail         |     4 |     6 ||    10
Dodge: Dodged            |    42 |    25 ||    67
Block: Buckler           |    20 |     7 ||    27

Table legend: (Time is in decaauts)
 A = Elapsed time spent in this place.
 B = Non-inter-level travel time spent in this place.
 C = Inter-level travel time spent in this place.
 D = Time resting spent in this place.
 E = Time spent auto-exploring this place.
 F = Levels seen in this place.
 G = Mean time per level.
                   A        B        C        D        E       F      G
               +--------+--------+--------+--------+--------+-----+--------+
         Total |   2102 |   2078 |     24 |    366 |   1409 |   4 |  525.5 |
       Dungeon |   2102 |   2078 |     24 |    366 |   1409 |   4 |  525.5 |
               +--------+--------+--------+--------+--------+-----+--------+

Top non-repeatable levels by time:
     D:1: 1371 daAuts
     D:2: 521 daAuts
     D:6: 206 daAuts
     D:3: 2 daAuts
